 Dungeon Crawl Stone Soup version 0.17-a0-1793-gcbb3aa1 (webtiles) character file.

12 Medar the Insei (level 2, -1/18 HPs)
             Began as an Octopode Transmuter on Sept 9, 2015.
             Slain by a jackal (3 damage)
             ... on level 1 of the Dungeon.
             The game lasted 00:01:45 (225 turns).

Medar the Insei (Octopode Transmuter)                Turns: 225, Time: 00:01:45

Health: -1/18      AC:  3    Str:  9    XL:     2   Next: 33%
Magic:  1/5        EV: 12    Int: 15    God:
Gold:   45         SH:  0    Dex: 12    Spells: 2 memorised, 2 levels left

rFire  + . .     SeeInvis .       - Unarmed
rCold  + . .     Clarity  .     (no shield)
rNeg   . . .     SustAt   .     (helmet restricted)
rPois  +         Gourm    .     (no amulet)
rElec  +         Spirit   .     (no ring)
rCorr  +         Warding  .     (no ring)
rMut   .         Stasis   .     (no ring)
MR     .....                    (no ring)
Stlth  ++........               (no ring)
                                (no ring)
                                (no ring)
                                (no ring)

@: appendage (expiring), resistant, very slightly contaminated, not resistant to
hostile enchantments, unstealthy
A: almost no armour, amphibious, 8 rings, constrict 8, tentacle spike 3, slimy
green scales 1, camouflage 1, gelatinous body 1
a: End Transformation


You were on level 1 of the Dungeon.
You were not hungry.
One of your tentacles had a temporary spike.
You visited 1 branch of the dungeon, and saw 1 of its levels.

You collected 45 gold pieces.

Inventory:

Missiles
 a - 11 arrows
Books
 b - a book of Changes

   Spells                             Type                      Level
   a - Beastly Appendage              Transmutation                1
   b - Sticks to Snakes               Transmutation                2
   c - Spider Form                    Transmutation/Poison         3
   d - Ice Form                       Ice/Transmutation            4
   e - Blade Hands                    Transmutation                5
Comestibles
 c - 2 bread rations {@e1}
 f - 7 chunks of flesh


   Skills:
 - Level 1.0 Fighting
 - Level 2.0 Dodging
 + Level 3.7 Unarmed Combat
 - Level 2.0 Spellcasting
 - Level 2.0 Transmutations


You had 2 spell levels left.
You knew the following spells:

 Your Spells              Type           Power        Failure   Level  Hunger
d - Sticks to Snakes      Trmt           #.........   14%         2    ###....
s - Beastly Appendage     Trmt           #.....       12%         1    #......


Dungeon Overview and Level Annotations

Branches:
Dungeon (1/15)

Altars:


Innate Abilities, Weirdness & Mutations

You cannot wear most types of armour.
You are amphibious.
You can wear up to eight rings at the same time.
You can use your tentacles to constrict eight enemies at once.
Your skin changes colour to match your surroundings (Stealth).
Your rubbery body absorbs attacks (AC +1).
One of your tentacles bears a large vicious spike.
You are partially covered in slimy green scales (AC +2).


Message History

The jackal bites you but does no damage.
The jackal barely misses you.
Unknown command.
Fire/throw which item? (* to show all) (? for menu, Esc to quit)
Press: ? - help, Shift-Dir - straight line, f - jackal
Aim: a jackal You throw a throwing net {=f =F}.
The throwing net {=f =F} closely misses the jackal.
Your transformation is almost over.
The jackal misses you.
Your ball python bites the jackal.
Your ball python constricts the jackal.
The jackal bites you but does no damage.
Fire/throw which item? (* to show all) (? for menu, Esc to quit)
Press: ? - help, Shift-Dir - straight line, f/p - jackal
Aim: a jackal You throw a throwing net {=f =F}.
The throwing net {=f =F} barely misses the jackal.
The jackal bites you but does no damage.
The jackal bites you.
You die...

##......##
#......##.#..) ##.#.#.#
#...#. #..... #...#.#
##..... ##.... ###.#..
##....######...÷ #.##..
.....##........ ##.
#######...##.#####†#
^...#...............##.#
......h.................
#.Sh@............##.#
#.######...##.##....#
#...##..>..###
#...##.###...#
#...##.......#
#...########.. #...# ##.
##.## #. #. ##


You could see 2 jackals and a friendly ball python.

Vanquished Creatures
  A bat (D:1)
  4 goblins (D:1)
  4 hobgoblins (D:1)
  2 kobolds (D:1)
11 creatures vanquished.

Notes
Turn   | Place    | Note
--------------------------------------------------------------
     0 | D:1      | Medar the Octopode Transmuter began the quest for the Orb.
     0 | D:1      | Reached XP level 1. HP: 13/13 MP: 3/3
   100 | D:1      | Reached XP level 2. HP: 18/18 MP: 3/5
   118 | D:1      | Learned a level 2 spell: Sticks to Snakes
   223 | D:1      | Gained mutation: You are partially covered in slimy green scales (AC +2). [potion of mutation]
   225 | D:1      | Slain by a jackal

Vault maps used:
D:1:      dpeg_arrival_pits

Action                   || total
-------------------------++-------
Melee: Unarmed           ||    31
Throw: Throwing net      ||     2
 Cast: Beastly Appendage ||     8
       Sticks to Snakes  ||     1
  Use: Potion            ||     2
 Stab: Sleeping          ||     1
